 Dungeon Crawl Stone Soup version 0.19-a0-1019-g9c6a58d (webtiles) character file.

104 tsouns the Skirmisher (level 4, -5/49 HPs)
             Began as an Ogre Fighter on July 25, 2016.
             Slain by a gnoll
             ... wielding a +0 club
              (7 damage)
             ... on level 2 of the Dungeon.
             The game lasted 00:05:37 (1567 turns).

tsouns the Skirmisher (Ogre Fighter)                Turns: 1567, Time: 00:05:37

Health: -5/49      AC:  3    Str: 21    XL:     4   Next: 80%
Magic:  4/4        EV:  8    Int:  8    God:
Gold:   45         SH:  8    Dex:  9    Spells: 0 memorised, 3 levels left

rFire  . . .     SeeInvis .     a - +0 flail
rCold  . . .     Gourm    .     b - +0 robe
rNeg   . . .     Faith    .     c - +0 shield
rPois  .         Spirit   .     (helmet restricted)
rElec  .         Dismiss  .     (no cloak)
rCorr  .         Reflect  .     (gloves unavailable)
SustAt .         Harm     .     (boots unavailable)
MR     .....                    (no amulet)
Stlth  +.........               (no ring)
                                (no ring)

@: not resistant to hostile enchantments, very unstealthy
A: unfitting armour, tough skin 1
a: no special abilities


You were on level 2 of the Dungeon.
You were not hungry.

You visited 1 branch of the dungeon, and saw 2 of its levels.

You collected 45 gold pieces.

Inventory:

Hand Weapons
 a - a +0 flail (weapon)
Missiles
 i - 52 stones (quivered)
Armour
 b - a +0 robe (worn)
 c - a +0 shield (worn)
Scrolls
 e - a scroll of magic mapping {unknown}
 g - 2 scrolls of identify {unknown}
 k - a scroll of noise {unknown}
 l - a scroll of remove curse {unknown}
 m - a scroll of recharging {unknown}
 o - a scroll of enchant armour {unknown}
Potions
 d - a potion of might
 h - 2 potions of haste {unknown}
 j - a potion of ambrosia {unknown}
 p - a potion of lignification {unknown}
Comestibles
 f - a bread ration
 n - 9 chunks of flesh


   Skills:
 + Level 4.9 Fighting
 + Level 4.5 Maces & Flails
 + Level 3.6 Dodging
 - Level 2.6 Shields


You had 3 spell levels left.
You didn't know any spells.

Dungeon Overview and Level Annotations

Branches:
Dungeon (2/15)

Altars:
Nemelex Xobeh
Pakellas
Vehumet
Xom


Innate Abilities, Weirdness & Mutations

You are too large for most types of armour.
You have tough skin. (AC +1)


Message History

You sock the gnoll!
The gnoll is almost dead.
The gnoll hits you with a club.
* * * LOW HITPOINT WARNING * * *
You closely miss the gnoll.
The gnoll is almost dead.
You block the gnoll's attack.
Your shield prevents you from hitting the gnoll.
The gnoll is almost dead.
You block the gnoll's attack.
You hit the gnoll but do no damage.
The gnoll is almost dead.
The gnoll hits you with a club.
* * * LOW HITPOINT WARNING * * *
You hit the gnoll but do no damage.
The gnoll is almost dead.
The gnoll hits you with a club!
* * * LOW HITPOINT WARNING * * *
The gnoll hits you with a club!
You die...

.........##...##g......#..#
.........##...##..........#
##.......##..≈##.##..####.#
#.......#######.##.## #.#
#.......#######....#####.#
#.......##.#.............#
##..................#######
.).########........########
#### #)###.@.......... #
#)# ##g.......... #####
#.####........... ....#
####<##............. ....#
#.....#.##.......... ....#
#[....#.##.......... ....#
#.......############ ....#
#.....[## ....# #.....##


You could see a gnoll.

Vanquished Creatures
  3 gnolls (D:2)
  4 worms (D:2)
  3 dart slugs
  A giant gecko (D:2)
  3 goblins (D:1)
  8 hobgoblins
  10 jackals
  A ball python (D:2)
  6 bats
  4 giant newts
  8 kobolds
  5 rats
56 creatures vanquished.

Vanquished Creatures (others)
  An iguana (D:2)
1 creature vanquished.

Grand Total: 57 creatures vanquished

Notes
Turn   | Place    | Note
-------+----------+-------------------------------------------
     0 | D:1      | tsouns the Ogre Fighter began the quest for the Orb.
     0 | D:1      | Reached XP level 1. HP: 24/24 MP: 1/1
   121 | D:1      | Reached XP level 2. HP: 32/32 MP: 2/2
   609 | D:1      | Reached XP level 3. HP: 37/39 MP: 3/3
   961 | D:2      | Found a radiant altar of Vehumet.
  1369 | D:2      | Reached XP level 4. HP: 41/49 MP: 4/4
  1432 | D:2      | Found a sparkling altar of Nemelex Xobeh.
  1432 | D:2      | Found a shimmering altar of Xom.
  1469 | D:2      | Found an oddly glowing altar of Pakellas.
  1469 | D:2      | Noticed an orange crystal statue
  1567 | D:2      | HP: 2/49 [gnoll/club (7)]
  1567 | D:2      | Slain by a gnoll

Vault maps used:
D:1:      dpeg_arrival_more_subterranean_lakeside_camping,
          minmay_stone_trees_medium
D:2:      gammafunk_temple_overflow_wave, nicolae_overflow_hidden_temple,
          gammafunk_pakellas_statue_experiment

Skill      XL: |  1  2  3 |
---------------+----------+-----
Maces & Flails | 3 4 |  4.5
Dodging        | 3 |  3.6
Fighting       | |  4.9
Shields        | |  2.6

Action                   |  1- 3 |  4- 6 || total
-------------------------+-------+-------++-------
Melee: Flail             |   131 |    46 ||   177
  Eat: Chunk             |     1 |     1 ||     2
Armor: Robe              |    46 |     8 ||    54
Dodge: Dodged            |    45 |     9 ||    54
Block: Shield            |    58 |    20 ||    78
